 Dungeon Crawl Stone Soup version 0.31-a0-1589-g8f5e8aebd6 (webtiles) character file.

Game seed: 1819345676667202362

129 Flugslaktarn the Apothecary (level 5, -2/31 HPs)
             Began as an Octopode Alchemist on Jan 6, 2024.
             Slain by an orc wizard
             ... wielding a +0 dagger
              (5 damage)
             ... on level 3 of the Dungeon.
             The game lasted 00:01:24 (503 turns).

Flugslaktarn the Apothecary (Octopode Alchemist)     Turns: 503, Time: 00:01:24

Health: -2/31      AC:  1    Str:  7    XL:     5   Next: 12%
Magic:  9/9        EV: 13    Int: 19    God:
Gold:   125        SH:  0    Dex: 13    Spells: 9/10 levels left

rFire   . . .        b - +0 dagger
rCold   . . .        (no shield)
rNeg    . . .        (helmet restricted)
rPois   .            (no amulet)
rElec   .            (no ring)
rCorr   .            (no ring)
SInv    .            (no ring)
Will    .....        (no ring)
Stlth   +++          (no ring)
HPRegen 0.25/turn    (no ring)
MPRegen 0.11/turn    (no ring)
                     (no ring)

%: no passive effects
@: no status effects
A: almost no armour, amphibious, 8 rings, camouflage 1, gelatinous body 1,
(nimble swimmer 1), tentacles
a: no special abilities


You were on level 3 of the Dungeon.
You visited 1 branch of the dungeon, and saw 3 of its levels.

You collected 125 gold pieces.

Inventory:

Hand Weapons
 b - a +0 dagger (weapon)
   (You took it off a kobold on level 1 of the Dungeon)
Scrolls
 c - a scroll of identify {unknown}
 e - a scroll of amnesia {unknown}


   Skills:
 - Level 2.0 Dodging
 - Level 2.6 Stealth
 + Level 3.1 Spellcasting
 - Level 1.0 Conjurations
 * Level 5.4 Alchemy


You had 9 spell levels left.
You knew the following spells:

 Your Spells              Type           Power      Damage    Failure   Level
a - Sting                 Conj/Alch      60%        1d6       4%          1

Your spell library contained the following spells:

 Spells                   Type           Power      Damage    Failure   Level
 Mercury Vapours          Alch/Air       26%        N/A       8%          2
 Olgreb's Toxic Radiance  Alch           23%        N/A       16%         4
 Mephitic Cloud           Conj/Alch/Air  11%        N/A       19%         3
 Sticky Flame             Fire/Alch      13%        2d5       43%         4


Dungeon Overview and Level Annotations

Branches:
Dungeon (3/15)

Altars:
Makhleb


Innate Abilities, Weirdness & Mutations

You cannot wear most types of armour.
You are amphibious.
You can wear up to eight rings at the same time.
Your skin changes colour to match your surroundings (Stealth+).
Your rubbery body absorbs attacks. (AC +1, EV +1)
((You are camouflaged when in or above water. (Stealth+)))
You have tentacles for arms and can constrict up to eight enemies at once.


Message History

You barely miss something. Something hits you.
Casting: Sting (safe; 4% risk of failure)
Confirm with . or Enter, or press ? or * to list all spells.
Aiming: Sting (safe; 4% risk of failure)
Press: ? - help, Shift-Dir - straight line You hear some strange, mumbled words.
A magic dart appears from out of thin air!
The magic dart hits you!
Casting: Sting (safe; 4% risk of failure)
Confirm with . or Enter, or press ? or * to list all spells.
Aiming: Sting (safe; 4% risk of failure)
Press: ? - help, Shift-Dir - straight line The sting hits something.
Something hits you.
Casting: Sting (safe; 4% risk of failure)
Confirm with . or Enter, or press ? or * to list all spells.
Aiming: Sting (safe; 4% risk of failure)
Press: ? - help, Shift-Dir - straight line The sting hits something.
Something hits you.
Casting: Sting (safe; 4% risk of failure)
Confirm with . or Enter, or press ? or * to list all spells.
Aiming: Sting (safe; 4% risk of failure)
Press: ? - help, Shift-Dir - straight line Something hits you.
Casting: Sting (safe; 4% risk of failure)
Confirm with . or Enter, or press ? or * to list all spells.
Aiming: Sting (safe; 4% risk of failure)
Press: ? - help, Shift-Dir - straight line The sting hits something.
Something hits you.
Casting: Sting (safe; 4% risk of failure)
Confirm with . or Enter, or press ? or * to list all spells.
Aiming: Sting (safe; 4% risk of failure)
Press: ? - help, Shift-Dir - straight line The sting hits something.
Reactivating autopickup.
You feel a bit more experienced.
Your Spellcasting skill increases to level 3!
Your Alchemy skill increases to level 5!
Casting: Sting (safe; 4% risk of failure)
Confirm with . or Enter, or press ? or * to list all spells.
Aiming: Sting (safe; 4% risk of failure)
Press: ? - help, Shift-Dir - straight line, f - orc wizard
Aim: an orc wizard, wielding a +0 dagger and wearing a +0 robe (64% to hit)
The sting hits the orc wizard.
The orc wizard is poisoned.
The orc wizard is lightly wounded.
The orc wizard misses you.
Casting: Sting (safe; 4% risk of failure)
Confirm with . or Enter, or press ? or * to list all spells.
Aiming: Sting (safe; 4% risk of failure)
Press: ? - help, Shift-Dir - straight line, f/p - orc wizard
Aim: an orc wizard, wielding a +0 dagger and wearing a +0 robe (lightly wounded, poisoned, 64% to hit)
The sting misses the orc wizard.
The orc wizard hits you with a +0 dagger.
You barely miss the orc wizard. You grab the orc wizard.
The orc wizard is moderately wounded.
You constrict the orc wizard, but do no damage.
The orc wizard casts a spell at you.
You are confused.
You bump into the rock wall.
You constrict the orc wizard, but do no damage.
The orc wizard hits you with a +0 dagger.
You hit the orc wizard but do no damage.
The orc wizard is heavily wounded.
You constrict the orc wizard, but do no damage.
The orc wizard hits you with a +0 dagger.
You bump into the metal wall.
You constrict the orc wizard.
The orc wizard looks more healthy.
The orc wizard closely misses you.
You're too confused to move!
You constrict the orc wizard.
You kill the orc wizard!
You have reached level 5!
You feel agile.
You're too confused to cast spells.
You're too confused to cast spells.
You're too confused to cast spells.
You bump into the rock wall.
The orc wizard barely misses you.
You're too confused to move!
The orc wizard barely misses you.
You miss the orc wizard.
You feel less confused.
The orc wizard hits you with a +0 dagger.
* * * LOW HITPOINT WARNING * * *
You barely miss the orc wizard. Your grab misses the orc wizard.
Your squeeze misses the orc wizard.
The orc wizard hits you with a +0 dagger.
* * * LOW HITPOINT WARNING * * *
Casting: Sting (safe; 4% risk of failure)
Confirm with . or Enter, or press ? or * to list all spells.
Aiming: Sting (safe; 4% risk of failure)
Press: ? - help, Shift-Dir - straight line, f - orc wizard
Aim: an orc wizard, wielding a +0 dagger and wearing a +0 robe (67% to hit)
The sting hits the orc wizard.
The orc wizard is poisoned.
The orc wizard is lightly wounded.
The orc wizard mumbles some strange words.
The orc wizard flickers and vanishes!
Deactivating autopickup; reactivate with Ctrl-A.
Magic courses through your body. Something hits you.
* * * LOW HITPOINT WARNING * * *
Casting: Sting (safe; 4% risk of failure)
Confirm with . or Enter, or press ? or * to list all spells.
You can't see any susceptible monsters within range! (Use Z to cast anyway.)
You barely miss something. Something hits you.
You die...

#.# #.###### #.#
#......# ###.## #......#
####. #....# #......#
..... #....# #......#
########....######.#
...................#
....#.#########{########
....##..≈≈≈≈≈..#@.......
....# .≈.....≈.#.#######
##### .≈.≈≈≈.≈.#..
.≈≈...≈≈.#.## #
.≈≈._.≈≈)#.. ).
.≈≈...≈≈o#.. ..#
.≈.≈≈≈.≈.#### ....
.≈.....≈.#..# #..##
..≈≈≈≈≈..##.#


There were no monsters in sight!

Vanquished Creatures
  A hound (D:2)
  Terence (D:2)
  2 orc wizards (D:3)
  3 orcs
  An endoplasm (D:2)
  A giant cockroach (D:2)
  5 goblins (D:1)
  A hobgoblin (D:1)
  A quokka (D:1)
  3 ball pythons
  A bat (D:3)
  2 frilled lizards
  3 kobolds
25 creatures vanquished.

Notes
Turn   | Place    | Note
-------+----------+-------------------------------------------
     0 | D:1      | Flugslaktarn the Octopode Alchemist began the quest for the
                  | Orb.
     0 | D:1      | Reached XP level 1. HP: 11/11 MP: 3/3
   135 | D:1      | Reached XP level 2. HP: 15/17 MP: 3/5
   279 | D:2      | Reached skill level 4 in Alchemy
   279 | D:2      | Reached XP level 3. HP: 4/21 MP: 1/6
   333 | D:2      | Noticed Terence
   345 | D:2      | Killed Terence
   346 | D:2      | Reached XP level 4. HP: 18/27 MP: 3/8
   398 | D:3      | Found a burning altar of Makhleb.
   490 | D:3      | Reached skill level 5 in Alchemy
   497 | D:3      | Reached XP level 5. HP: 11/31 MP: 1/9
   503 | D:3      | Slain by an orc wizard

Illustrated notes

Levels and vault maps discovered:
D:1:      dpeg_arrival_signposts, layout_basic
D:2:      layout_loops_ring, basic_altar, minmay_fountain_box, chequers_jeans,
          minmay_pentomino_q4, uniq_robin, uniq_terence, uniq_natasha
D:3:      layout_basic, mainiacjoe_overflow_paths, serial_shops,
          nicolae_diamond_shop, minmay_liquid_box, chequers_serial_rivers_marsh,
          minmay_cut_off, uniq_ijyb

Skill      XL: |  1  2  3  4 |
---------------+-------------+-----
Alchemy        | 4 5 |  5.4
Spellcasting   | 3 |  3.1
Dodging        | |  2.0
Stealth        | |  2.6
Conjurations   | |  1.0

Action                     |  1- 3 |  4- 6 || total
---------------------------+-------+-------++-------
  Melee: Unarmed           |     8 |       ||     8
         Tentacles         |     5 |       ||     5
         Constrict         |     8 |     1 ||     9
         Dagger            |    21 |     7 ||    28
   Cast: Sting             |    19 |    14 ||    33
    Use: Potion            |     1 |     1 ||     2
 Armour: Skin              |    15 |    16 ||    31
  Dodge: Dodged            |    22 |     9 ||    31

Table legend: (Time is in decaauts)
 A = Elapsed time spent in this place.
 B = Non-inter-level travel time spent in this place.
 C = Inter-level travel time spent in this place.
 D = Time resting spent in this place.
 E = Time spent auto-exploring this place.
 F = Levels seen in this place.
 G = Mean time per level.
                   A        B        C        D        E       F      G
               +--------+--------+--------+--------+--------+-----+--------+
         Total |    501 |    496 |      5 |      0 |    244 |   3 |  167.0 |
       Dungeon |    501 |    496 |      5 |      0 |    244 |   3 |  167.0 |
               +--------+--------+--------+--------+--------+-----+--------+

Top non-repeatable levels by time:
     D:1: 221 daAuts
     D:3: 141 daAuts
     D:2: 138 daAuts
